Map: Lerilak Crest

Players

dayzak

  • Race: Zerg Zerg

Мишаня

  • Race: Zerg Zerg
  • League: Bronze

Armagiddon - Winner!

  • Race: Protoss Protoss

Gracz - Winner!

  • Race: Terran Terran

VOD

Have the link to the VOD?

Description

Time

  • Played on: March 7, 2016, 9:14 a.m.
  • Length: 24:47
Show
View Real Time Build Order
Export as new Build Order

dayzak Zerg 

Build Orders: Pool First 

Get SALT Encoding   

  12  0:20  Spawning Pool  
  11  0:21  Drone  
  11  0:28  Drone  
  13  0:32  Drone  
  14  0:41  Overlord  
  14  0:47  Extractor  
  13  0:53  Drone  
  14  1:00  Drone  
  15  1:08  Queen  
  15  1:09  Drone  
  18  1:15  Drone  
  19  1:28  Zergling x2  
  20  1:38  Zergling x2  
  21  1:56  Zergling x2  
  22  2:02  Overlord  
  22  2:07  Metabolic Boost  
  22  2:16  Roach Warren, Zergling x2  
  22  2:22  Zergling x6  
  25  2:37  Zergling x4  
  27  2:45  Extractor  
  27  2:47  Zergling x2  
  27  2:52  Zergling x6  
  30  2:58  Lair  
  29  3:20  Zergling x2  
  30  3:28  Overlord  
  30  3:41  Overlord  
  30  3:57  Roach  
  30  3:58  Roach  
  30  3:59  Roach  
  30  4:02  Hatchery  
  35  4:13  Hydralisk Den, Drone  
  36  4:24  Drone x2  
  36  4:29  Drone  
  38  4:37  Drone  
  39  4:39  Drone  
  40  4:54  Drone x2  
  42  5:02  Drone x2  
  42  5:03  Drone  
  45  5:14  Queen  
  45  5:16  Drone  
  48  5:25  Hydralisk x2  
  52  5:34  Overlord  
  52  5:37  Overlord  
  52  6:09  Muscular Augments  
  52  6:14  Hydralisk x5  
  52  6:15  Hydralisk  
  64  6:36  Drone x3  
  67  6:43  Drone  
  67  6:44  Overlord x3  
  68  7:14  Hydralisk x5  
  81  7:22  Drone x3  
  81  7:27  Extractor  
  81  7:29  Extractor  
  46  7:53  Hydralisk x4  
  46  7:56  Hydralisk  
  54  8:01  Drone x3  
  54  8:03  Drone  
  58  8:21  Roach  
  58  8:22  Roach x3  
  66  8:41  Roach x3  
  66  8:42  Roach x4  
  66  8:43  Roach  
  82  9:02  Hydralisk x4  
  90  9:11  Hydralisk  
  92  9:17  Overlord  
  92  9:18  Overlord x3  
  92  9:42  Hatchery  
  92  9:43  Ravager  
  92  9:44  Ravager x4  
  92  9:45  Ravager x2  
  98  9:59  Queen  
  100  10:03  Queen  
  102  10:14  Drone x3  
  104  10:16  Drone  
  106  10:34  Queen  
  106  10:35  Hydralisk x4  
  77  10:55  Hydralisk  
  77  10:56  Hydralisk x2  
  73  10:57  Hydralisk  
  74  11:22  Drone  
  74  11:23  Drone x2  
  74  11:25  Hydralisk x2  
  81  11:35  Drone  
  82  11:44  Overlord  
  82  11:55  Overlord x2  
  82  12:01  Queen  
  82  12:04  Drone x2  
  82  12:05  Drone x2  
  82  12:06  Drone  
  89  12:13  Drone  
  89  12:15  Drone  
  84  12:43  Hydralisk x5  
  90  12:44  Hydralisk  
  83  13:01  Drone x3  
  86  13:35  Drone x5  
  86  13:36  Drone x2  
  86  13:39  Evolution Chamber  
  86  13:40  Hydralisk x3  
  98  13:46  Queen  
  100  14:13  Hydralisk x2  
  100  14:14  Hydralisk  
  106  14:21  Overlord x2  
  106  14:22  Overlord  
  106  14:39  Spore Crawler  
  106  14:41  Spore Crawler  
  104  14:48  Spore Crawler  
  103  14:53  Overseer  
  103  15:03  Roach x6  
  103  15:04  Roach x2  
  119  15:29  Drone x3  
  119  15:35  Queen  
  114  16:17  Overlord x5  
  112  16:29  Overlord x4  
  112  16:30  Overlord  
  112  16:35  Queen  
  104  17:07  Ravager x3  
  104  17:08  Ravager x6  
  113  17:19  Drone x4  
  113  17:20  Queen, Drone  
  85  17:52  Hydralisk x4  
  85  17:53  Hydralisk x4  
  85  17:55  Hydralisk  
  58  18:26  Hydralisk x3  
  58  18:27  Hydralisk x4  
  72  19:01  Hydralisk x3  
  72  19:02  Hydralisk x5  
  82  19:03  Hydralisk  
  90  19:29  Roach x4  
  90  19:30  Roach x5  
  90  19:31  Roach x2  
  112  19:55  Hydralisk x4  
  120  20:00  Hatchery  
  119  20:21  Ravager  
  119  20:22  Ravager x5  
  119  20:23  Ravager x3  
  119  20:24  Ravager x2  
  88  21:01  Roach x3  
  88  21:02  Roach x2, Zergling x10  
  88  21:03  Zergling x12  
  88  21:04  Zergling x12  
  112  21:05  Zergling x6  
  118  21:15  Drone x2  
  118  21:16  Drone x2  
  122  21:53  Drone x3  
  125  21:58  Hydralisk x4  
  125  21:59  Hydralisk  
  133  22:15  Drone x3  
  134  22:19  Extractor  
  134  22:20  Extractor  
  134  22:23  Extractor  
  134  22:24  Extractor  
  132  22:42  Drone  
  132  22:43  Drone  
  127  23:03  Hydralisk x2  
  127  23:04  Hydralisk x5  
  127  23:05  Hydralisk x3  
  147  23:17  Overlord  
  147  23:18  Overlord x3  
  147  23:25  Roach  
  147  23:26  Roach x6  
  147  23:27  Roach  
  163  23:36  Queen  
  136  23:58  Hydralisk x3  
  136  23:59  Hydralisk x3  
Show
View Real Time Build Order
Export as new Build Order

Мишаня Zerg 

Build Orders: Pool First, Lurkers 

Get SALT Encoding   

  12  0:29  Spawning Pool, Drone x2  
  13  0:38  Overlord  
  13  0:43  Extractor  
  12  0:55  Drone  
  12  0:56  Drone  
  14  1:07  Drone  
  15  1:16  Queen  
  17  1:19  Drone  
  18  1:26  Extractor  
  17  1:37  Zergling x4  
  19  1:50  Drone  
  20  2:06  Queen  
  22  2:09  Overlord  
  22  2:13  Hatchery  
  21  2:40  Drone, Overlord  
  21  2:41  Drone x3  
  25  2:57  Drone x2  
  27  3:10  Roach Warren  
  26  3:14  Baneling Nest  
  26  3:16  Drone x3  
  26  3:18  Drone  
  29  3:35  Lair  
  29  3:57  Lair  
  29  4:18  Zergling x10  
  29  4:19  Zergling x2  
  29  4:21  Spine Crawler  
  29  4:24  Metabolic Boost  
  34  4:33  Drone x4  
  34  4:34  Drone x2  
  40  4:48  Overseer  
  40  4:50  Overseer  
  40  4:57  Extractor  
  40  4:59  Extractor  
  38  5:07  Hydralisk Den  
  38  5:11  Spire, Drone  
  38  5:12  Drone x3  
  38  5:13  Roach  
  42  5:25  Drone x2  
  42  5:26  Overlord  
  44  5:30  Overlord  
  44  5:47  Spine Crawler  
  43  5:54  Spine Crawler  
  42  6:08  Drone  
  42  6:09  Drone x4  
  47  6:16  Lurker Den  
  47  6:19  Hydralisk x3  
  47  6:20  Hydralisk  
  55  6:43  Nydus Network  
  43  7:01  Spore Crawler  
  43  7:06  Spore Crawler  
  41  7:10  Spore Crawler  
  41  7:12  Spore Crawler  
  39  7:18  Overlord x2  
  39  7:19  Overlord x3  
  39  7:36  Queen  
  41  7:43  Drone  
  41  7:44  Drone x2  
  44  7:54  Drone x4  
  44  7:55  Mutalisk  
  50  7:58  Mutalisk  
  52  8:13  Drone x2  
  54  8:25  Drone x3  
  54  8:26  Drone x2  
  59  8:34  Drone  
  59  8:35  Drone  
  53  9:12  Spore Crawler  
  53  9:16  Burrow  
  47  9:41  Spore Crawler  
  47  9:42  Spore Crawler  
  47  9:43  Spore Crawler  
  44  9:49  Mutalisk x5  
  44  9:50  Mutalisk  
  56  10:22  Hatchery  
  56  10:26  Drone x3  
  56  10:27  Drone x3  
  61  10:38  Lurker x2  
  63  10:48  Roach  
  65  10:54  Roach x4  
  65  10:55  Roach  
  75  11:21  Zergling x2  
  75  11:22  Overlord  
  75  11:23  Overlord x3  
  76  11:28  Baneling x4  
  76  11:35  Drone x2  
  78  11:49  Queen  
  80  12:01  Drone x2  
  80  12:02  Drone x2  
  80  12:04  Drone  
  85  12:12  Lurker x2  
  87  12:23  Drone x3  
  90  12:40  Mutalisk  
  90  12:41  Mutalisk x3  
  90  12:44  Mutalisk  
  100  13:01  Drone x4  
  100  13:02  Drone x2  
  106  13:05  Extractor  
  106  13:09  Extractor  
  104  13:29  Spore Crawler  
  104  13:31  Centrifical Hooks  
  103  13:36  Mutalisk x2  
  103  13:37  Mutalisk x3  
  103  13:39  Zergling x2  
  103  13:40  Overlord x2  
  114  13:56  Overlord  
  82  14:22  Drone x17  
  79  14:47  Spore Crawler  
  79  14:49  Spore Crawler  
  79  14:51  Queen  
  79  15:04  Spore Crawler  
  75  15:14  Drone x6  
  75  15:28  Queen  
  75  15:29  Drone  
  75  15:30  Drone x4  
  82  15:47  Roach x3  
  82  15:48  Roach  
  90  15:53  Roach  
  90  15:54  Roach x5, Zergling x2  
  90  15:55  Zergling x8  
  107  16:11  Hydralisk  
  107  16:12  Hydralisk  
  107  16:16  Baneling x4  
  107  16:17  Baneling x6  
  107  16:18  Baneling x5  
  111  16:23  Roach x5  
  121  16:29  Roach x3  
  127  16:34  Hydralisk  
  127  16:37  Overlord  
  127  16:38  Overlord  
  129  16:40  Overlord  
  129  17:06  Roach  
  129  17:07  Roach x4  
  139  17:10  Hydralisk x3  
  139  17:11  Hydralisk x2  
  149  17:18  Hydralisk x2  
  149  17:20  Overlord  
  149  17:21  Overlord  
  153  17:57  Spore Crawler  
  153  17:58  Spore Crawler x2  
  151  18:05  Nydus Canal  
  107  19:08  Corruptor x2  
  107  19:09  Corruptor x4  
  115  19:13  Zerg Flyer Weapons Level 1  
  117  19:19  Corruptor x3  
  117  19:20  Corruptor x5  
  131  19:53  Corruptor x4  
  131  19:54  Corruptor x2  
  25  21:02  Queen  
  25  21:07  Zerg Flyer Armor Level 1  
  25  21:11  Queen  
  23  21:18  Hatchery  
  23  21:20  Extractor  
  23  21:22  Drone x4  
  23  21:24  Extractor  
  16  21:43  Drone x5  
  21  21:49  Drone x3  
  21  21:50  Drone x3  
  27  22:07  Extractor  
  26  22:24  Drone x3  
  26  22:25  Drone  
  30  22:49  Drone  
  30  22:50  Drone x3  
  27  23:04  Queen  
  27  23:05  Drone x3  
  32  23:28  Spine Crawler  
  32  23:29  Spine Crawler  
  32  23:30  Spine Crawler, Drone x2  
  31  24:05  Spore Crawler  
  31  24:08  Spore Crawler  
  23  24:18  Spine Crawler  
  23  24:20  Spine Crawler x2  
  23  24:22  Spine Crawler  
  19  24:24  Spore Crawler  
  19  24:25  Spore Crawler  
  19  24:29  Spore Crawler  
  19  24:30  Spore Crawler  
  15  24:32  Spine Crawler  
  15  24:33  Spine Crawler  
  15  24:36  Spore Crawler  
  12  24:38  Spore Crawler  
  12  24:39  Spore Crawler  
Show
View Real Time Build Order
Export as new Build Order

Armagiddon Protoss - Winner!

Build Orders:  

Get SALT Encoding   

  12  0:01  Probe (Chrono Boost)  
  13  0:11  Probe (Chrono Boost)  
  14  0:26  Probe (Chrono Boost)  
  15  0:29  Pylon  
  15  0:47  Probe (Chrono Boost)  
  15  0:48  Gateway  
  16  0:53  Pylon  
  16  0:56  Assimilator  
  16  0:58  Probe (Chrono Boost)  
  17  1:14  Gateway  
  17  1:21  Probe (Chrono Boost)  
  18  1:44  Cybernetics Core  
  18  1:47  Zealot  
  18  1:51  Probe (Chrono Boost)  
  21  1:54  Assimilator  
  21  2:01  Probe (Chrono Boost)  
  21  2:02  Zealot  
  24  2:14  Probe (Chrono Boost)  
  25  2:17  Pylon  
  25  2:21  Warp Gate  
  25  2:24  Probe (Chrono Boost)  
  26  2:36  Adept  
  26  2:37  Adept  
  30  2:42  Mothership Core (Chrono Boost)  
  32  3:03  Nexus  
  32  3:09  Probe (Chrono Boost)  
  33  3:34  Pylon  
  33  3:35  Probe (Chrono Boost)  
  33  3:40  Adept x2  
  38  3:51  Probe (Chrono Boost)  
  39  3:58  Stargate  
  39  4:00  Stargate  
  39  4:02  Probe (Chrono Boost)  
  40  4:25  Probe x2 (Chrono Boost)  
  42  4:35  Probe x2 (Chrono Boost)  
  42  4:37  Assimilator  
  44  4:41  Assimilator, Protoss Air Weapons Level 1 (Chrono Boost)  
  44  4:45  Probe (Chrono Boost), Phoenix (Chrono Boost)  
  46  4:46  Probe (Chrono Boost)  
  46  4:49  Phoenix (Chrono Boost)  
  50  5:04  Pylon  
  50  5:07  Phoenix (Chrono Boost)  
  50  5:11  Phoenix (Chrono Boost)  
  54  5:19  Probe  
  54  5:20  Probe  
  56  5:29  Phoenix (Chrono Boost)  
  56  5:31  Probe  
  56  5:32  Probe  
  56  5:33  Phoenix (Chrono Boost)  
  62  5:44  Probe x2 (Chrono Boost), Gateway  
  64  5:56  Probe (Chrono Boost)  
  66  5:57  Probe (Chrono Boost)  
  66  6:04  Adept x2  
  70  6:24  Pylon  
  70  6:25  Pylon  
  70  6:38  Pylon  
  70  6:41  Phoenix x2  
  74  7:06  Phoenix x2  
  78  7:24  Pylon  
  78  7:26  Pylon  
  78  7:30  Pylon  
  78  7:32  Gateway x2  
  78  7:35  Gateway  
  74  7:37  Twilight Council  
  74  7:40  Forge  
  74  7:42  Stalker x3  
  74  7:43  Forge  
  76  7:55  Probe  
  76  7:57  Probe  
  78  8:03  Pylon x2  
  78  8:06  Probe  
  78  8:09  Phoenix x2  
  83  8:15  Charge (Chrono Boost)  
  83  8:17  Protoss Ground Weapons Level 1, Protoss Ground Armor Level 1  
  83  8:28  Zealot x2  
  83  8:29  Zealot  
  81  9:25  Zealot x5  
  91  9:36  Nexus  
  91  9:40  Pylon x2  
  91  9:43  Phoenix x2  
  95  9:59  Zealot x5  
  101  10:07  Phoenix  
  101  10:08  Phoenix  
  101  10:12  Protoss Ground Weapons Level 2 (Chrono Boost), Protoss Ground Armor Level 2 (Chrono Boost)  
  105  10:20  Stalker x3  
  107  11:25  Phoenix x2  
  107  11:29  Zealot x4  
  107  11:30  Zealot x2  
  107  11:32  Probe  
  123  11:33  Probe x2  
  126  11:43  Probe  
  126  11:45  Probe  
  126  11:46  Probe  
  129  11:58  Pylon  
  129  12:02  Pylon, Stalker x2  
  129  12:03  Pylon, Stalker x4  
  129  12:06  Probe x2  
  143  12:43  Phoenix x2  
  141  13:03  Fleet Beacon  
  141  13:07  Pylon  
  141  13:08  Phoenix x2 (Chrono Boost)  
  141  13:09  Pylon  
  141  13:11  Pylon  
  145  13:14  Assimilator  
  145  13:15  Stalker x4  
  145  13:16  Stalker x2  
  145  13:18  Assimilator  
  157  13:33  Phoenix (Chrono Boost)  
  159  13:35  Phoenix (Chrono Boost)  
  157  14:31  Tempest (Chrono Boost)  
  157  14:32  Anion Pulse-Crystals  
  157  14:33  Protoss Air Weapons Level 2 (Chrono Boost)  
  157  14:36  Tempest  
  165  14:41  Protoss Ground Weapons Level 3, Protoss Ground Armor Level 3  
  165  14:45  Robotics Facility  
  165  15:05  Nexus  
  165  15:07  Tempest  
  169  15:18  Tempest  
  171  15:44  Tempest  
  171  16:01  Tempest  
  175  16:21  Stalker x6  
  187  16:30  Probe  
  187  16:31  Probe x2  
  188  17:05  Phoenix  
  188  17:07  Phoenix  
  192  17:17  Observer (Chrono Boost)  
  193  17:27  Assimilator  
  193  17:28  Pylon  
  193  17:30  Pylon, Phoenix  
  193  17:32  Phoenix  
  193  17:33  Pylon  
  193  17:35  Assimilator  
  193  17:36  Observer (Chrono Boost)  
  198  17:55  Phoenix  
  163  20:38  Stalker x3  
  157  20:52  Gateway  
  157  20:54  Gateway  
  157  20:56  Gateway  
  153  20:59  Gateway  
  145  21:30  Tempest x2  
  147  21:34  Stalker x3  
  153  21:55  Stalker  
  153  21:56  Stalker x2  
  159  22:03  Pylon  
  159  22:05  Pylon  
  159  22:08  Pylon  
  159  22:11  Blink (Chrono Boost)  
  159  22:13  Tempest x2  
  167  22:21  Pylon  
  167  22:22  Pylon  
  167  22:24  Protoss Shields Level 1  
  167  22:25  Gateway  
  167  22:27  Gateway  
  167  22:29  Protoss Air Weapons Level 3 (Chrono Boost)  
  167  22:31  Gateway  
  167  22:33  Gateway  
  167  22:36  Stalker x2, Gateway  
  167  22:37  Stalker x3  
  173  22:38  Stalker  
  173  22:39  Stalker x3  
  179  23:02  Zealot  
  179  23:03  Zealot x5  
  179  23:04  Zealot x3  
  197  23:45  Robotics Facility  
Show
View Real Time Build Order
Export as new Build Order

Gracz Terran - Winner!

Build Orders: MMM Bio 

Get SALT Encoding   

  12  0:03  SCV  
  13  0:16  SCV  
  14  0:28  SCV  
  15  0:43  Supply Depot  
  15  0:45  Refinery  
  15  0:53  Engineering Bay  
  15  1:04  SCV  
  16  1:16  Barracks, SCV  
  17  1:24  Supply Depot  
  17  1:28  SCV  
  18  1:33  Engineering Bay  
  18  1:46  Refinery, SCV  
  19  1:58  Supply Depot  
  19  2:03  Orbital Command  
  19  2:05  Barracks Reactor  
  19  2:45  Marine x2  
  19  2:50  Building Armor  
  21  3:17  Bunker  
  21  3:20  Marine x2  
  23  3:29  Barracks, Terran Infantry Armor Level 1  
  23  3:40  Barracks  
  23  3:43  Factory  
  23  4:01  Bunker  
  23  4:12  Marine x2  
  25  4:20  Barracks Reactor  
  26  4:24  SCV  
  26  4:28  Starport  
  26  4:30  Neosteel Frame  
  26  4:31  Barracks Tech Lab  
  26  4:36  Barracks, SCV  
  27  4:50  Bunker  
  27  4:55  Marine x2  
  27  4:58  Marauder  
  31  5:06  Combat Shields  
  31  5:12  Marine  
  31  5:13  Marine  
  33  5:30  Supply Depot  
  33  5:38  Barracks Reactor  
  33  5:42  Starport Reactor  
  33  5:51  Refinery  
  33  5:55  Supply Depot  
  33  5:59  Refinery  
  33  6:05  Marauder  
  33  6:07  Command Center  
  35  6:24  SCV  
  35  6:25  Supply Depot, Stimpack  
  36  6:37  Marine x3, SCV  
  36  6:38  Marine x3  
  43  6:49  SCV  
  44  6:56  Marine x4, Supply Depot  
  44  6:57  Marine  
  49  7:11  Marine  
  49  7:14  Marine x3, SCV  
  54  7:19  Medivac  
  56  7:26  SCV  
  56  7:28  Orbital Command  
  57  7:54  Marine x5  
  57  7:55  Marine  
  57  7:56  Marauder  
  65  8:11  Medivac  
  65  8:12  Marine x5  
  72  8:26  Concussive Shells  
  72  8:29  Sensor Tower  
  72  8:36  Marine x5  
  77  8:46  SCV  
  78  8:57  Missile Turret  
  78  8:58  SCV  
  78  9:00  Marine x4  
  78  9:01  Marine  
  78  9:02  Marine  
  85  9:22  Starport  
  85  9:52  Missile Turret  
  85  9:59  Terran Infantry Weapons Level 1  
  85  10:01  Hi-Sec Auto Tracking  
  85  10:05  Armory  
  85  10:12  Starport Tech Lab  
  85  10:13  Armory  
  85  10:22  Fusion Core  
  50  10:59  Marine x5  
  50  11:00  Marine x2  
  50  11:03  SCV  
  58  11:15  SCV  
  58  11:17  Marine x6  
  67  11:18  Marauder  
  67  11:27  SCV  
  67  11:28  Starport  
  68  11:34  Marine  
  68  11:35  Marine x3  
  74  11:40  Marauder  
  74  11:41  Marine  
  74  11:42  Marine  
  74  11:44  Terran Infantry Armor Level 2  
  76  11:47  Terran Vehicle Weapons Level 1  
  76  11:48  Terran Vehicle And Ship Armor Level 1  
  76  11:52  Marine x2  
  76  11:53  Marine x2  
  80  11:54  Battlecruiser  
  86  12:27  Starport Tech Lab  
  86  12:35  Supply Depot  
  86  12:40  Orbital Command  
  86  12:57  Marine, SCV, Marauder  
  86  12:58  Refinery  
  90  13:00  Supply Depot  
  90  13:02  Refinery  
  90  13:03  Medivac  
  90  13:04  Medivac  
  94  13:21  Marine x2, Supply Depot, Marauder  
  94  13:23  Supply Depot x2  
  98  13:28  Supply Depot  
  98  13:29  Supply Depot  
  98  13:30  Supply Depot  
  98  13:34  Supply Depot  
  98  13:42  Terran Ship Weapons Level 1  
  98  13:43  Battlecruiser  
  104  13:48  Supply Depot  
  104  14:22  Supply Depot  
  104  14:43  Marine  
  104  14:44  Marine x5  
  110  14:56  Weapon Refit  
  110  15:00  Barracks  
  110  15:01  Marine x2  
  110  15:02  Marine x4  
  116  15:19  Marine x3  
  119  15:31  SCV  
  120  15:38  SCV  
  120  15:39  Behemoth Reactor  
  121  15:43  SCV  
  122  15:50  SCV  
  122  15:54  Barracks Reactor  
  122  15:55  SCV  
  122  15:56  Barracks  
  124  16:03  Factory Tech Lab  
  124  16:06  Banshee x2  
  124  16:08  SCV  
  131  16:20  SCV  
  131  16:23  Starport  
  120  17:25  Starport Tech Lab  
  120  17:35  Marine x2  
  120  17:36  Marine x2, Barracks Reactor  
  124  17:37  Marine x3  
  124  17:39  Starport  
  124  17:41  Siege Tank  
  130  17:46  Starport  
  106  17:53  Marine x3  
  106  17:54  Marine  
  106  17:55  Marine x3  
  89  18:11  Marine x4  
  85  18:12  Marine  
  85  18:13  Marine x2, Siege Tank  
  91  18:25  Barracks  
  91  18:29  Marine x4  
  91  18:30  Marine  
  96  18:45  Thor  
  102  18:54  Starport Tech Lab  
  102  19:06  Starport  
  102  19:18  Starport  
  102  19:38  Medivac  
  102  19:39  Medivac  
  102  19:41  Terran Infantry Armor Level 3, Terran Infantry Weapons Level 2  
  102  19:43  Terran Vehicle Weapons Level 2  
  102  19:44  Terran Ship Weapons Level 2  
  106  19:48  Starport Tech Lab  
  106  20:08  Barracks Reactor  
  106  20:15  Barracks  
  106  20:19  Barracks  
  106  20:21  Starport Tech Lab  
  106  20:22  Barracks, Battlecruiser  
  106  20:24  Battlecruiser  
  106  20:25  Battlecruiser  
  124  21:02  High Capacity Fuel Tanks  
  124  21:08  Explosive Shrapnel Shells  
  124  21:09  Corvid Reactor  
  124  21:11  Cloaking Field  
  124  21:13  Advanced Ballistics  
  124  21:29  Barracks, Barracks Reactor  
  124  21:36  Barracks Reactor  
  124  21:40  Barracks  
  124  21:46  Marine  
  124  21:47  Marine x6  
  125  21:48  Marine x6  
  125  21:49  Marine  
  125  21:51  Battlecruiser  
  125  21:52  Battlecruiser x2  
  125  21:54  Hyperflight Rotors  
  156  21:59  Terran Vehicle And Ship Armor Level 2  
  156  22:04  Marine x2  
  156  22:05  Marine x3  
  161  22:15  Marine x5  
  162  22:16  Marine x3, Barracks Reactor  
  162  22:17  Barracks Reactor  
  162  22:21  Marine x3  
  162  22:22  Marine x2  
  174  22:29  Marine x2  
  176  22:42  Supply Depot  
  176  22:44  Supply Depot  
  176  22:45  Supply Depot  
  176  22:52  Barracks Reactor  
  176  23:00  Supply Depot  
  176  23:02  Marine x4  
  176  23:03  Marine  
  181  23:06  Marine  
  181  23:09  Marine  
  183  23:30  Supply Depot  
Tags
 
Add a new tag
Caveats
  • Supply blocks, unpowered buildings, or Contaminate may cause inaccurate times.
  • Supply counts are checked every 10 seconds.